Map: Frostline LE

Players

LittleLion - Winner!

  • Race: Protoss Protoss
  • League: Master
  • Spawn Location: 1:00

Neku - Winner!

  • Race: Protoss Protoss
  • League: Diamond
  • Spawn Location: 7:00

A.I. 2 (Very Easy)

  • Race: Terran Terran

VOD

Have the link to the VOD?

Description

Time

  • Played on: April 12, 2025, 4:34 p.m.
  • Length: 11:38
Show
View Real Time Build Order
Export as new Build Order

LittleLion Protoss - Winner!

Build Orders: 1 Gate Expand, Blink Stalkers 

Get SALT Encoding   

  12  0:00  Probe  
  13  0:15  Pylon  
  13  0:17  Probe  
  14  0:27  Probe  
  15  0:35  Gateway  
  15  0:36  Probe  
  16  0:44  Assimilator, Probe  
  17  0:55  Probe  
  18  1:03  Probe  
  19  1:11  Probe  
  20  1:24  Probe, Cybernetics Core  
  21  1:36  Nexus  
  21  1:42  Pylon  
  21  1:46  Assimilator  
  21  1:49  Probe  
  21  1:51  Stalker  
  24  2:01  Probe  
  24  2:04  Warp Gate  
  25  2:14  Probe  
  25  2:15  Stalker  
  28  2:23  Pylon  
  28  2:26  Probe  
  29  2:33  Twilight Council  
  29  2:38  Probe  
  30  2:45  Probe  
  30  2:49  Stalker  
  30  2:50  Probe, Blink  
  32  2:53  Probe  
  35  3:02  Probe  
  35  3:03  Probe  
  37  3:17  Pylon  
  37  3:19  Probe x2  
  39  3:23  Pylon  
  39  3:34  Gateway  
  39  3:41  Robotics Facility  
  39  3:44  Probe  
  39  3:46  Gateway  
  39  3:48  Probe  
  41  3:52  Probe  
  41  3:59  Pylon  
  41  4:00  Probe  
  41  4:02  Probe  
  44  4:10  Nexus  
  44  4:11  Pylon  
  44  4:14  Probe  
  45  4:18  Assimilator  
  45  4:19  Probe  
  46  4:27  Warp Prism  
  48  4:32  Probe  
  48  4:33  Probe  
  48  4:38  Stalker x2  
  54  4:42  Stalker  
  56  4:50  Probe  
  56  4:51  Probe  
  58  5:01  Pylon  
  58  5:03  Probe x2  
  58  5:04  Charge  
  58  5:06  Observer  
  61  5:12  Forge  
  61  5:15  Pylon  
  61  5:18  Probe  
  61  5:20  Probe x2  
  63  5:26  Protoss Ground Weapons Level 1, Probe  
  64  5:32  Probe  
  66  5:37  Probe  
  66  5:39  Stalker x3  
  73  5:51  Robotics Bay  
  73  5:52  Probe  
  73  5:55  Probe x2  
  76  6:00  Probe  
  76  6:01  Observer, Gateway  
  76  6:02  Gateway  
  76  6:07  Probe x2  
  76  6:09  Gateway  
  76  6:10  Assimilator, Gateway, Probe  
  79  6:12  Stalker x3  
  79  6:13  Assimilator  
  86  6:30  Assimilator, Probe  
  87  6:40  Colossus, Robotics Facility  
  87  6:43  Extended Thermal Lance  
  93  6:53  Zealot x3  
  99  6:57  Probe  
  99  6:58  Probe  
  101  7:03  Nexus  
  101  7:07  Pylon  
  101  7:10  Pylon  
  101  7:15  Protoss Ground Weapons Level 2  
  101  7:18  Colossus  
  101  7:21  Probe  
  101  7:25  Colossus, Probe x2  
  110  7:30  Probe  
  110  7:36  Pylon  
  117  7:37  Pylon  
  117  7:38  Pylon  
  117  7:40  Pylon  
  117  7:41  Forge  
  117  7:42  Pylon  
  117  7:54  Probe x3  
  117  7:57  Zealot x7  
  134  8:06  Protoss Ground Armor Level 1  
  134  8:24  Gateway x2  
  134  8:28  Gateway  
  134  8:30  Gateway  
  134  8:32  Probe  
  134  8:33  Probe x3  
  138  8:36  Gateway  
  138  8:40  Gateway  
  138  8:48  Assimilator  
  138  8:50  Immortal x2  
  138  8:52  Assimilator  
  138  8:54  Stalker x7  
  138  8:55  Shield Battery  
  160  9:01  Probe x4  
  165  9:17  Probe x2  
  165  9:19  Probe  
  165  9:23  Gateway  
  167  9:33  Gateway  
  167  9:35  Gateway x2  
  167  9:42  Robotics Facility  
  167  9:44  Zealot  
  167  9:45  Zealot  
  171  9:49  Pylon  
  171  9:50  Pylon  
  171  9:52  Pylon  
  171  9:55  Dark Shrine  
  171  10:03  Observer  
  171  10:09  Pylon x3  
  171  10:11  Pylon  
  171  10:16  Sentry  
  171  10:18  Observer  
  171  10:19  Nexus  
  171  10:20  Pylon  
  174  10:21  Zealot x3  
  174  10:22  Zealot x6  
  174  10:23  Pylon  
  174  10:27  Pylon  
  192  10:45  Observer  
  192  11:08  Dark Templar x4  
  200  11:21  Stargate  
  200  11:22  Stargate  
  200  11:24  Pylon, Stargate  
  200  11:25  Stargate  
Show
View Real Time Build Order
Export as new Build Order

Neku Protoss - Winner!

Build Orders:  

Get SALT Encoding   

  12  0:00  SCV  
  13  0:13  SCV  
  14  0:18  Supply Depot  
  14  0:37  Refinery  
  14  0:41  Barracks  
  14  1:02  Supply Depot  
  14  1:12  Refinery  
  14  1:29  SCV  
  14  1:30  Marine  
  16  1:41  SCV  
  17  1:53  SCV  
  18  2:00  Marine  
  19  2:05  SCV  
  20  2:17  SCV  
  22  2:30  SCV, Marine  
  23  2:42  Orbital Command  
  23  5:24  SCV  
  23  5:39  SCV, Marine  
  23  5:42  Supply Depot  
  25  5:44  Factory  
  22  5:51  SCV  
  23  6:03  SCV  
  24  6:04  Supply Depot  
  24  6:12  Marine  
  24  6:15  SCV  
  26  6:28  SCV, Starport  
  26  6:31  Barracks Tech Lab  
  27  6:43  Command Center  
  27  6:49  Hellion  
  29  6:58  SCV  
  28  7:07  Starport Tech Lab, Command Center  
  28  7:18  Hellion  
  28  7:20  Supply Depot  
  30  7:26  Raven  
  32  7:46  Hellion  
  34  8:01  Raven  
  35  8:15  Hellion  
  27  8:44  Hellion  
  24  9:07  SCV  
  24  9:13  Hellion  
  23  9:19  SCV  
  23  9:31  SCV  
  23  9:41  Marauder  
  23  9:43  SCV  
  22  9:55  SCV  
  21  10:07  SCV  
  22  10:15  Marine  
  22  10:19  SCV  
  20  10:31  SCV  
  21  10:49  Marine  
  22  10:54  Medivac  
  22  10:55  SCV, Command Center  
  24  11:07  SCV, Marine  
  18  11:19  SCV  
Show
View Real Time Build Order
Export as new Build Order

A.I. 2 (Very Easy) Terran 

Build Orders:  

Get SALT Encoding   

Tags
 
Add a new tag
Caveats
  • Supply blocks, unpowered buildings, or Contaminate may cause inaccurate times.
  • Supply counts are checked every 10 seconds.